General information
- name: BNet
- type: Ladder team game (AT/RT)
- host: Battle.net
- saver: 93939393939393
map: Cherryville
- players: 8
- length: 38:06
- speed: Fast
- version: 1.26 W3XP
- replay type: Public
» download(200 KB)
Players
team 1 (loser)

»
EdSnowden (
yellow | 18 APM | 679 actions | 38:05)
3 Blademaster
1 Wind Walk
2 Critical Strike
» actions
| Build / train | 41 | |
| Enter build submenu | 15 | |
| Enter hero's abilities submenu | 3 | |
| Remove unit from queue | 2 | |
| Right click | 395 | |
| Select / deselect | 196 | |
| Use ability | 27 | |
679 total
» units
| Peon | 17 | |
| Grunt | 3 | |
| Tauren | 3 | |
| Shaman | 3 | |
26 total
» upgrades
| Melee Weapons | 1 | |
| Armor | 1 | |
| Berserker Strength | 1 | |
| Shaman Training | 2 | |
| Reinforced Defenses | 1 | |
6 total
» buildings
| Orc Burrow | 6 | |
| Altar of Storms | 1 | |
| War Mill | 1 | |
| Stronghold | 1 | |
| Barracks | 1 | |
| Voodoo Lounge | 1 | |
| Fortress | 1 | |
| Great Hall | 1 | |
| Spirit Lodge | 1 | |
| Tauren Totem | 2 | |
16 total
» build order
04:28 Orc Burrow
04:45 Altar of Storms
05:10 War Mill
05:29 Orc Burrow
05:59 Stronghold
06:15 Barracks
06:54 Orc Burrow
08:36 Voodoo Lounge
09:09 Fortress
09:28 Great Hall
10:28 Spirit Lodge
11:34 Tauren Totem
11:35 Tauren Totem
12:27 Orc Burrow
15:41 Orc Burrow
15:42 Orc Burrow
» items
YUNA-PWNS-RIKKU (
red | 52 APM | 1992 actions | 38:05)
4 Tauren Chieftain
2 Endurance Aura
2 War Stomp
4 Shadow Hunter
2 Healing Wave
2 Hex
» actions
| Assign group hotkey | 85 | |
| Basic commands | 57 | |
| Build / train | 82 | |
| Enter build submenu | 23 | |
| Enter hero's abilities submenu | 8 | |
| Give item / drop item | 1 | |
| Right click | 608 | |
| Select / deselect | 301 | |
| Select group hotkey | 657 | |
| Use ability | 170 | |
1992 total
» units
| Peon | 18 | |
| Raider | 3 | |
| Goblin Shredder | 1 | |
| Troll Batrider | 23 | |
| Wind Rider | 1 | |
| Kodo Beast | 7 | |
53 total
» upgrades
| Ensnare | 1 | |
| Reinforced Defenses | 1 | |
| Pillage | 1 | |
| Melee Weapons | 2 | |
| Ranged Weapons | 1 | |
| War Drums Damage Increase | 1 | |
7 total
» buildings
| Altar of Storms | 1 | |
| Orc Burrow | 7 | |
| Voodoo Lounge | 2 | |
| War Mill | 1 | |
| Stronghold | 1 | |
| Watch Tower | 27 | |
| Beastiary | 3 | |
| Fortress | 1 | |
| Great Hall | 2 | |
45 total
» build order
00:07 Altar of Storms
00:19 Orc Burrow
00:59 Voodoo Lounge
01:33 War Mill
02:09 Orc Burrow
02:41 Stronghold
04:02 Watch Tower
04:02 Watch Tower
04:02 Watch Tower
04:05 Watch Tower
04:06 Watch Tower
04:06 Watch Tower
05:10 Beastiary
05:12 Beastiary
05:18 Orc Burrow
05:18 Orc Burrow
06:56 Fortress
07:26 Great Hall
07:33 Watch Tower
07:36 Watch Tower
07:37 Watch Tower
08:53 Orc Burrow
09:42 Watch Tower
09:43 Watch Tower
10:11 Voodoo Lounge
10:59 Watch Tower
11:00 Watch Tower
11:01 Watch Tower
11:02 Watch Tower
11:40 Watch Tower
11:40 Watch Tower
11:41 Watch Tower
11:41 Watch Tower
13:00 Beastiary
14:07 Watch Tower
14:07 Watch Tower
14:08 Watch Tower
20:21 Great Hall
20:22 Watch Tower
20:23 Watch Tower
22:14 Watch Tower
22:15 Watch Tower
29:00 Orc Burrow
29:00 Orc Burrow
» items
| Healing Salve | 2 | |
| Boots of Speed | 1 | |
| Staff of Teleportation | 1 | |
| Potion of Healing | 2 | |
| Scroll of Town Portal | 2 | |
| Potion of Mana | 1 | |
9 total
DukeOfCool (
orange | 41 APM | 1550 actions | 38:05)
8 Archmage
3 Summon Water Elemental
3 Brilliance Aura
1 Mass Teleport
1 Blizzard
» actions
| Assign group hotkey | 41 | |
| Basic commands | 218 | |
| Build / train | 80 | |
| Enter build submenu | 65 | |
| Enter hero's abilities submenu | 8 | |
| Give item / drop item | 8 | |
| Right click | 528 | |
| Select / deselect | 332 | |
| Select group hotkey | 136 | |
| Use ability | 133 | |
1550 total
» units
| Peasant | 12 | |
| Footman | 4 | |
| Goblin Shredder | 1 | |
| Gryphon Rider | 6 | |
23 total
» upgrades
| Masonry | 3 | |
| Swords | 3 | |
| Armor | 3 | |
| Animal War Training | 1 | |
| Storm Hammers | 1 | |
| Cloud | 1 | |
12 total
» buildings
| Altar of Kings | 1 | |
| Barracks | 1 | |
| Farm | 11 | |
| Arcane Vault | 4 | |
| Keep | 1 | |
| Town Hall | 2 | |
| Lumber Mill | 1 | |
| Scout Tower | 52 | |
| Guard Tower | 15 | |
| Castle | 1 | |
| Gryphon Aviary | 3 | |
| Blacksmith | 3 | |
95 total
» build order
00:37 Altar of Kings
00:39 Barracks
00:55 Farm
01:05 Farm
01:07 Farm
02:02 Farm
02:45 Arcane Vault
03:00 Keep
04:02 Town Hall
04:13 Lumber Mill
04:18 Scout Tower
04:20 Scout Tower
04:24 Scout Tower
05:20 Arcane Vault
05:35 Guard Tower
06:33 Castle
06:39 Guard Tower
06:43 Scout Tower
06:43 Scout Tower
06:44 Scout Tower
07:00 Gryphon Aviary
07:03 Gryphon Aviary
07:05 Gryphon Aviary
07:13 Blacksmith
07:16 Blacksmith
07:25 Blacksmith
08:21 Scout Tower
08:21 Scout Tower
08:21 Scout Tower
08:41 Scout Tower
08:43 Scout Tower
08:48 Arcane Vault
09:20 Guard Tower
10:13 Farm
10:22 Farm
12:01 Scout Tower
12:02 Scout Tower
12:03 Scout Tower
12:04 Scout Tower
12:05 Scout Tower
12:06 Scout Tower
12:07 Scout Tower
12:24 Scout Tower
12:24 Scout Tower
12:25 Scout Tower
12:25 Scout Tower
12:26 Scout Tower
12:33 Scout Tower
13:09 Guard Tower
13:18 Scout Tower
13:18 Scout Tower
13:19 Scout Tower
13:20 Scout Tower
13:20 Scout Tower
13:22 Scout Tower
13:43 Farm
13:44 Farm
13:44 Farm
13:47 Guard Tower
13:51 Town Hall
13:54 Guard Tower
14:02 Scout Tower
14:02 Scout Tower
14:03 Scout Tower
14:05 Scout Tower
14:06 Scout Tower
14:09 Scout Tower
14:12 Scout Tower
14:29 Arcane Vault
14:34 Guard Tower
14:36 Guard Tower
14:59 Guard Tower
15:14 Guard Tower
15:53 Guard Tower
16:05 Guard Tower
16:15 Farm
16:16 Farm
16:25 Guard Tower
23:16 Scout Tower
23:17 Scout Tower
23:18 Scout Tower
23:20 Scout Tower
23:21 Scout Tower
23:22 Scout Tower
23:23 Scout Tower
23:24 Scout Tower
23:26 Scout Tower
23:28 Scout Tower
23:29 Scout Tower
23:29 Scout Tower
23:31 Scout Tower
23:31 Scout Tower
23:31 Scout Tower
26:40 Guard Tower
26:43 Guard Tower
» items
| Scroll of Regeneration | 3 | |
| Periapt of Vitality | 2 | |
| Potion of Lesser Invulnerability | 2 | |
| Scroll of Healing | 3 | |
| Potion of Healing | 2 | |
| Scroll of Town Portal | 1 | |
| Healing Salve | 2 | |
| Staff of Teleportation | 2 | |
| Boots of Speed | 1 | |
| Scroll of Protection | 1 | |
19 total

»
PeonTheWall (
pink | 31 APM | 958 actions | 31:16)
7 Blademaster
3 Wind Walk
3 Critical Strike
1 Bladestorm
1 Shadow Hunter
1 Healing Wave
» actions
| Basic commands | 32 | |
| Build / train | 67 | |
| Enter build submenu | 21 | |
| Enter hero's abilities submenu | 8 | |
| Give item / drop item | 2 | |
| Remove unit from queue | 1 | |
| Right click | 514 | |
| Select / deselect | 249 | |
| Use ability | 64 | |
958 total
» units
| Peon | 8 | |
| Grunt | 5 | |
| Troll Witch Doctor | 5 | |
| Tauren | 5 | |
| Shaman | 3 | |
| Troll Headhunter/Berserker | 10 | |
36 total
» upgrades
| Melee Weapons | 2 | |
| Armor | 2 | |
| Witch Doctor Training | 2 | |
| Reinforced Defenses | 1 | |
| Spiked Barricades | 1 | |
| Shaman Training | 2 | |
| Pulverize | 1 | |
| Berserker Upgrade | 1 | |
12 total
» buildings
| Altar of Storms | 1 | |
| Orc Burrow | 8 | |
| Voodoo Lounge | 1 | |
| Barracks | 1 | |
| War Mill | 1 | |
| Stronghold | 1 | |
| Fortress | 1 | |
| Spirit Lodge | 1 | |
| Watch Tower | 1 | |
| Tauren Totem | 2 | |
| Great Hall | 1 | |
19 total
» build order
00:12 Altar of Storms
00:17 Orc Burrow
00:51 Voodoo Lounge
01:36 Barracks
01:58 Orc Burrow
03:47 War Mill
03:58 Stronghold
05:00 Orc Burrow
06:24 Fortress
06:31 Spirit Lodge
09:19 Watch Tower
10:43 Tauren Totem
10:47 Tauren Totem
11:29 Orc Burrow
12:57 Orc Burrow
15:47 Orc Burrow
16:50 Orc Burrow
20:00 Orc Burrow
22:56 Great Hall
» items
| Healing Salve | 2 | |
| Boots of Speed | 1 | |
| Orb of Lightning | 1 | |
| Scroll of Town Portal | 1 | |
5 total
team 2 (winner)
YourDeadbeatDad (
teal | 98 APM | 1878 actions | 19:14)
3 Archmage
2 Summon Water Elemental
1 Brilliance Aura
3 Demon Hunter
1 Mana Burn
2 Evasion
1 Mountain King
1 Storm Bolt
» actions
| Assign group hotkey | 39 | |
| Build / train | 105 | |
| ESC pressed | 2 | |
| Enter build submenu | 48 | |
| Enter hero's abilities submenu | 8 | |
| Give item / drop item | 1 | |
| Remove unit from queue | 1 | |
| Right click | 628 | |
| Select / deselect | 334 | |
| Select group hotkey | 648 | |
| Use ability | 64 | |
1878 total
» units
| Peasant | 11 | |
| Wisp | 12 | |
| Footman | 10 | |
| Huntress | 7 | |
| Rifleman | 4 | |
| Sorceress | 3 | |
| Hippogryph | 18 | |
| Chimaera | 3 | |
| Priest | 2 | |
70 total
» upgrades
| Strength of the Moon | 1 | |
| Reinforced Hides | 1 | |
| Moon Armor | 1 | |
| Strength of the Wild | 3 | |
| Ultravision | 1 | |
| Sorceress Training | 1 | |
| Priest Training | 1 | |
| Corrosive Breath | 2 | |
| Long Rifles | 1 | |
12 total
» buildings
| Farm | 9 | |
| Altar of Kings | 1 | |
| Moon Well | 9 | |
| Barracks | 1 | |
| Hunter's Hall | 1 | |
| Ancient of War | 1 | |
| Altar of Elders | 1 | |
| Scout Tower | 11 | |
| Arcane Tower | 1 | |
| Ancient Protector | 3 | |
| Keep | 1 | |
| Lumber Mill | 1 | |
| Guard Tower | 5 | |
| Blacksmith | 1 | |
| Arcane Sanctum | 2 | |
| Tree of Ages | 1 | |
| Arcane Vault | 1 | |
| Tree of Eternity | 1 | |
| Ancient of Wind | 1 | |
| Chimaera Roost | 1 | |
| Town Hall | 1 | |
| Castle | 1 | |
55 total
» build order
00:06 Farm
00:13 Altar of Kings
00:22 Moon Well
00:35 Farm
00:40 Barracks
01:31 Farm
01:40 Hunter's Hall
01:44 Ancient of War
02:03 Moon Well
02:13 Altar of Elders
02:32 Scout Tower
03:06 Moon Well
03:27 Arcane Tower
03:30 Farm
03:38 Ancient Protector
03:56 Keep
04:16 Farm
04:37 Lumber Mill
04:57 Moon Well
05:00 Farm
05:13 Scout Tower
05:49 Scout Tower
05:51 Guard Tower
05:53 Farm
05:55 Blacksmith
06:24 Guard Tower
06:30 Arcane Sanctum
06:33 Arcane Sanctum
07:12 Tree of Ages
07:14 Moon Well
07:21 Ancient Protector
07:24 Ancient Protector
08:12 Farm
08:15 Scout Tower
08:18 Scout Tower
08:43 Guard Tower
08:46 Arcane Vault
09:22 Moon Well
09:36 Guard Tower
09:40 Tree of Eternity
09:44 Ancient of Wind
10:20 Moon Well
10:40 Scout Tower
10:41 Scout Tower
11:32 Guard Tower
11:36 Scout Tower
11:38 Scout Tower
11:51 Scout Tower
12:04 Chimaera Roost
12:53 Moon Well
14:22 Town Hall
15:08 Moon Well
15:35 Farm
17:09 Castle
17:42 Scout Tower
» items
| Potion of Lesser Invulnerability | 1 | |
| Boots of Speed | 1 | |
2 total
Loseiswin (
purple | 40 APM | 995 actions | 24:41)
5 Dark Ranger
3 Black Arrow
2 Life Drain
4 Firelord
2 Summon Lava Spawn
2 Soul Burn
» actions
| Assign group hotkey | 11 | |
| Basic commands | 8 | |
| Build / train | 63 | |
| Enter build submenu | 19 | |
| Enter hero's abilities submenu | 9 | |
| Give item / drop item | 2 | |
| Right click | 392 | |
| Select / deselect | 299 | |
| Select group hotkey | 144 | |
| Use ability | 48 | |
995 total
» units
| Wisp | 22 | |
| Archer | 6 | |
| Chimaera | 11 | |
| Hippogryph | 2 | |
41 total
» upgrades
| Strength of the Wild | 3 | |
| Reinforced Hides | 2 | |
| Corrosive Breath | 1 | |
6 total
» buildings
| Moon Well | 8 | |
| Ancient of War | 1 | |
| Altar of Elders | 1 | |
| Tree of Ages | 1 | |
| Hunter's Hall | 1 | |
| Ancient of Wonders | 1 | |
| Tree of Life | 2 | |
| Tree of Eternity | 1 | |
| Ancient of Wind | 1 | |
| Chimaera Roost | 3 | |
20 total
» build order
00:23 Moon Well
00:49 Ancient of War
01:25 Altar of Elders
01:30 Moon Well
02:43 Tree of Ages
02:54 Moon Well
04:06 Moon Well
04:11 Hunter's Hall
04:34 Ancient of Wonders
05:38 Tree of Life
05:51 Tree of Eternity
06:30 Ancient of Wind
08:38 Chimaera Roost
08:42 Chimaera Roost
08:43 Chimaera Roost
09:23 Moon Well
09:27 Moon Well
13:49 Tree of Life
13:57 Moon Well
13:58 Moon Well
» items
| Staff of Preservation | 1 | |
| Scroll of Town Portal | 2 | |
3 total
93939393939393 (
blue | 93 APM | 3549 actions | 38:06)
5 Archmage
3 Blizzard
2 Brilliance Aura
9 Mountain King
3 Storm Bolt
3 Bash
1 Avatar
2 Thunder Clap
» actions
| Assign group hotkey | 138 | |
| Basic commands | 246 | |
| Build / train | 164 | |
| ESC pressed | 10 | |
| Enter build submenu | 50 | |
| Enter hero's abilities submenu | 15 | |
| Give item / drop item | 7 | |
| Right click | 1156 | |
| Select / deselect | 349 | |
| Select group hotkey | 1197 | |
| Use ability | 217 | |
3549 total
» units
| Peasant | 19 | |
| Footman | 9 | |
| Goblin Shredder | 5 | |
| Dragonhawk Rider | 2 | |
| Gryphon Rider | 3 | |
| Goblin Zeppelin | 5 | |
43 total
» upgrades
| Swords | 3 | |
| Masonry | 3 | |
| Lumber Harvesting | 2 | |
| Storm Hammers | 1 | |
| Animal War Training | 1 | |
| Armor | 3 | |
| Cloud | 1 | |
14 total
» buildings
| Barracks | 1 | |
| Altar of Kings | 1 | |
| Farm | 8 | |
| Arcane Vault | 1 | |
| Lumber Mill | 1 | |
| Keep | 7 | |
| Blacksmith | 1 | |
| Town Hall | 4 | |
| Scout Tower | 34 | |
| Castle | 3 | |
| Guard Tower | 38 | |
| Gryphon Aviary | 4 | |
103 total
» build order
00:51 Barracks
00:54 Altar of Kings
00:57 Farm
01:05 Farm
01:43 Farm
02:06 Farm
02:31 Arcane Vault
02:36 Lumber Mill
03:03 Farm
04:18 Keep
04:18 Keep
04:42 Blacksmith
05:18 Town Hall
06:20 Scout Tower
06:21 Scout Tower
06:23 Scout Tower
06:25 Scout Tower
06:26 Scout Tower
06:43 Castle
06:43 Castle
06:51 Guard Tower
06:52 Guard Tower
06:52 Guard Tower
06:57 Guard Tower
06:57 Guard Tower
06:58 Guard Tower
06:58 Guard Tower
07:01 Guard Tower
07:17 Guard Tower
07:17 Guard Tower
07:52 Gryphon Aviary
07:53 Gryphon Aviary
09:00 Gryphon Aviary
09:18 Gryphon Aviary
10:16 Farm
11:43 Farm
12:45 Farm
13:27 Scout Tower
13:28 Scout Tower
13:28 Scout Tower
13:38 Scout Tower
13:39 Scout Tower
13:40 Scout Tower
13:41 Town Hall
13:47 Scout Tower
13:47 Scout Tower
13:48 Scout Tower
13:50 Scout Tower
13:51 Scout Tower
13:52 Scout Tower
14:14 Guard Tower
14:14 Guard Tower
14:15 Guard Tower
14:33 Guard Tower
14:33 Guard Tower
14:37 Guard Tower
14:37 Guard Tower
14:37 Guard Tower
14:38 Guard Tower
14:57 Guard Tower
14:57 Guard Tower
14:58 Guard Tower
15:06 Guard Tower
15:11 Scout Tower
15:12 Scout Tower
15:14 Scout Tower
15:22 Scout Tower
15:23 Scout Tower
15:26 Scout Tower
15:27 Scout Tower
15:49 Guard Tower
16:47 Guard Tower
16:47 Guard Tower
31:09 Town Hall
32:30 Scout Tower
32:31 Scout Tower
32:31 Scout Tower
32:32 Scout Tower
32:32 Scout Tower
32:35 Scout Tower
32:35 Scout Tower
32:36 Scout Tower
32:37 Scout Tower
32:38 Scout Tower
32:58 Keep
32:58 Keep
32:58 Keep
33:14 Guard Tower
33:15 Guard Tower
33:43 Town Hall
» items
| Scroll of Regeneration | 9 | |
| Staff of Sanctuary | 1 | |
| Orb of Venom | 1 | |
| Scroll of Town Portal | 5 | |
| Lesser Clarity Potion | 2 | |
| Boots of Speed | 1 | |
| Staff of Teleportation | 1 | |
| Potion of Healing | 1 | |
21 total

»
ProfOak (
green | 17 APM | 2 actions | 00:07)
Chat log
(00:11 / All) DukeOfCool: Daddy! I've been searching for oyu all my life
(00:17 / All) DukeOfCool: Funny you should turn up in a video game
(00:25 / All) YUNA-PWNS-RIKKU: yes
(00:27 / All) DukeOfCool: You owe my mom 18 years back child support
(00:30 / All) YUNA-PWNS-RIKKU: I AINT NO HOLLA BACK GIRL
(00:46 / All) DukeOfCool: I'm coming to collect, motherfucker
(01:03 / All) Loseiswin: cum
(01:04 / Allies) YourDeadbeatDad: plan?
(01:12 / All) YUNA-PWNS-RIKKU: HELL
(01:53 / All) YUNA-PWNS-RIKKU: WHY DO u lose to win purple i do not follow
(02:06 / All) Loseiswin: lose is the new win
(02:15 / All) YUNA-PWNS-RIKKU: wat
(02:20 / All) YUNA-PWNS-RIKKU: havent pple always tked on wc3
(02:31 / All) DukeOfCool: Now it's fashionable
(16:01 / All) 93939393939393: You pinged my expo before you scouted it
(16:03 / All) 93939393939393: You maphacking yellow?
(16:06 / All) 93939393939393: and went to my expo
(16:09 / All) 93939393939393: er, your expo
(16:11 / All) 93939393939393: when I was attacking
(16:15 / All) EdSnowden: I saw peasant.
(16:27 / All) EdSnowden: pink had wards all around too
(16:43 / All) 93939393939393: I wasn't paying that much attention I'll check the replay
(16:46 / All) EdSnowden: if i was hacking i wouldn't have went to your expo whjen you had 8 towers up too...
(17:00 / All) 93939393939393: Not necessarily a lot of players aren't very good
(17:01 / All) EdSnowden: either way i fucked out team i was afk for first 5 misn
(17:02 / All) EdSnowden: sorry guys
(17:03 / All) EdSnowden: gg
(17:03 / All) 93939393939393: I've seen crazier than that
(19:07 / All) 93939393939393: I have daddy issues teal
(19:23 / All) 93939393939393: Wow
(19:26 / All) EdSnowden: ?
(19:26 / All) 93939393939393: That escalated quickly
(19:27 / All) EdSnowden: what?
(19:34 / All) EdSnowden: what happened lol
(19:34 / All) YUNA-PWNS-RIKKU: wtf happened
(19:44 / All) 93939393939393: I killed his tree, said I had daddy issues and he just left
(20:13 / All) EdSnowden: did you tk teal?
(20:14 / All) EdSnowden: lol
(20:16 / All) 93939393939393: Yeah
(20:21 / All) EdSnowden: lol why?
(20:26 / All) 93939393939393: I don't like my dad
(20:28 / All) 93939393939393: I have daddy issues
(20:31 / All) EdSnowden: oh
(20:34 / All) 93939393939393: I didn't want to look at his stupid face anymore
(20:34 / All) EdSnowden: sorry to hear that
(20:47 / All) EdSnowden: lmao
(21:11 / All) YUNA-PWNS-RIKKU: what di di do
(21:32 / All) EdSnowden: wow alot of fags in this game -.-
(21:48 / All) 93939393939393: Oh
(21:53 / All) 93939393939393: That NE I killed actually wasn't my dad
(22:00 / All) 93939393939393: Close enough
(22:00 / All) EdSnowden: lol
(22:04 / All) 93939393939393: I bet teal wasn't the real one anyway
(22:49 / All) EdSnowden: someoen expo my base yet? lol
(23:05 / All) 93939393939393: It only has 6k there's better mines
(23:16 / All) EdSnowden: oh so you are mhing lol
(23:21 / All) 93939393939393: Yeah
(23:22 / All) YUNA-PWNS-RIKKU: yellow why did u say fuck u to oj
(23:24 / All) 93939393939393: I said I saw your pings earlier wtf
(23:27 / All) 93939393939393: taht took you a long time
(23:51 / All) EdSnowden: im mhing too -.- you did catch me
(23:51 / All) YUNA-PWNS-RIKKU: how edward
(23:55 / All) 93939393939393: Yes
(24:00 / All) 93939393939393: It was obvious when you went back to your expo
(24:03 / All) 93939393939393: and I was hitting it
(24:15 / All) 93939393939393: You said you had wards at my expo when you pinged that but I don't remember any, might be wrong
(24:27 / All) EdSnowden: he had wards near
(24:30 / All) EdSnowden: still one near now
(24:33 / All) 93939393939393: Ah, I wasn't looking
(24:44 / All) EdSnowden: lmao prof oak
(24:56 / All) EdSnowden: well gg
(25:00 / All) EdSnowden: when did green leave?
(25:05 / All) YUNA-PWNS-RIKKU: we pawned u blue
(25:07 / All) YUNA-PWNS-RIKKU: u suck
(25:08 / All) YUNA-PWNS-RIKKU: man
(25:09 / All) EdSnowden: when i was afk im guesing?
(25:13 / All) EdSnowden: blue is good red what you smokin
(25:15 / All) 93939393939393: He left at the start
(25:20 / All) EdSnowden: ah
(25:25 / All) EdSnowden: who controlled him?
(25:34 / All) YUNA-PWNS-RIKKU: why u say gg then yel
(25:36 / All) 93939393939393: Not sure, it wasn't me
(25:38 / All) 93939393939393: Probably purple
(25:45 / All) 93939393939393: He was used after teal left right?
(25:47 / All) 93939393939393: If so then purple
(25:48 / All) EdSnowden: it is over, red, but blue is way better tahn you
(25:55 / All) YUNA-PWNS-RIKKU: WHY U MEAN
(25:58 / All) YUNA-PWNS-RIKKU: MENG
(26:14 / All) 93939393939393: I don't know if I can take pink's army but I got 10k to rebuild anyway
(26:29 / All) EdSnowden: you prob can
(26:31 / All) EdSnowden: just kill hh
(26:32 / All) EdSnowden: lol
(27:04 / All) EdSnowden: i think at least one other person in here mhing (oj)
(27:35 / All) EdSnowden: wow red sucks
(27:36 / All) EdSnowden: lmao
(27:40 / All) YUNA-PWNS-RIKKU: shut up
(27:42 / All) YUNA-PWNS-RIKKU: just shut up
(27:56 / All) 93939393939393: I like yellow, he isn't afraid to say what he thinks
(28:12 / All) YUNA-PWNS-RIKKU: i saw a replay of him the other day
(28:18 / All) YUNA-PWNS-RIKKU: rank #1 player uploade dit
(28:20 / All) YUNA-PWNS-RIKKU: he talked shit to him
(28:23 / All) YUNA-PWNS-RIKKU: yellow that is
(28:29 / All) EdSnowden: lmao whos that
(28:33 / All) YUNA-PWNS-RIKKU: lsx-
(28:34 / All) EdSnowden: you watch wc3 video?
(28:35 / All) YUNA-PWNS-RIKKU: his aka
(28:41 / All) YUNA-PWNS-RIKKU: u called him a nerd
(28:46 / All) YUNA-PWNS-RIKKU: cuz he bragged he was rank 1
(28:49 / All) EdSnowden: is it on youtbe?
(28:51 / All) EdSnowden: OH LOL
(28:53 / All) EdSnowden: yes
(28:57 / All) EdSnowden: he has like 3k games played
(29:02 / All) EdSnowden: like go outside or something
(29:05 / All) YUNA-PWNS-RIKKU: more than that lol
(29:08 / All) EdSnowden: i thought I played this game alot
(29:18 / All) EdSnowden: that tauren would not move when i told him to
(29:19 / All) EdSnowden: glitch
(29:25 / All) 93939393939393: I hate that bug
(29:27 / All) 93939393939393: especially bad on heroes
(29:31 / All) DukeOfCool: whoops
(29:36 / All) EdSnowden: yeah
(29:39 / All) YUNA-PWNS-RIKKU: wtf is going on on our side
(29:46 / All) EdSnowden: im alt tabbing
(29:49 / All) EdSnowden: ill go dl lag hack
(29:51 / All) EdSnowden: and get oj out
(29:52 / All) EdSnowden: for us
(30:26 / All) YUNA-PWNS-RIKKU: DOWN GOES
(30:28 / All) YUNA-PWNS-RIKKU: MAZURU
(30:28 / All) EdSnowden: hey blue
(30:30 / All) YUNA-PWNS-RIKKU: SON OF MAJIN
(30:33 / All) EdSnowden: 4 gryphs on bottom left
(30:37 / All) 93939393939393: I know I misclicked lawl
(30:42 / All) 93939393939393: put my expo peons on 2
(30:44 / All) EdSnowden: oh ok lol
(31:01 / All) YUNA-PWNS-RIKKU: they gonna lag hack u blue
(31:03 / All) YUNA-PWNS-RIKKU: watch out
(31:08 / All) EdSnowden: nah
(31:09 / All) PeonTheWall: i know ur game and u can go all go fuck urselves
(31:10 / All) EdSnowden: lag hacking oj
(31:12 / All) EdSnowden: then red
(31:14 / All) EdSnowden: then leaving
(31:16 / All) 93939393939393: lol
(31:38 / All) EdSnowden: so seriously do you and oj know each other?
(31:40 / All) EdSnowden: or somehting
(31:41 / All) EdSnowden: lol
(31:44 / All) 93939393939393: Yeah we're a 3 person team
(31:47 / All) 93939393939393: That's why I never attacked them
(31:54 / All) EdSnowden: who you oj and red?
(31:57 / All) 93939393939393: Yeah
(31:58 / All) DukeOfCool: It was rigged from the jump, baby
(32:06 / All) EdSnowden: red sucks man, why you on his team -.-
(32:12 / All) EdSnowden: lol thats funny though
(32:16 / All) 93939393939393: He's our comic relief
(32:16 / All) EdSnowden: next time ill join you
(32:18 / All) 93939393939393: He's a funny man
(32:27 / All) EdSnowden: ah i gotcha
(32:30 / All) YUNA-PWNS-RIKKU: they make fun of me cuz im fat
(32:34 / All) YUNA-PWNS-RIKKU: they call me free willy
(32:35 / All) EdSnowden: awe
(32:38 / All) EdSnowden: sorry to hear that
(32:39 / All) EdSnowden: lol
(32:53 / All) EdSnowden: so whos gonan win? lol
(33:00 / All) DukeOfCool: Everybody but you
(33:10 / All) EdSnowden: lol i dont care
(34:33 / All) YUNA-PWNS-RIKKU: u got trillian edward?
(34:38 / All) 93939393939393: or any IM
(34:52 / All) EdSnowden: nope
(35:40 / All) 93939393939393: Oh
(35:42 / All) 93939393939393: There's the kodos
(35:43 / All) EdSnowden: all of you guys mhin? which mh do you have blue that lets you see pings?
(35:49 / All) 93939393939393: I use yHack
(35:54 / All) EdSnowden: gotcha
(35:55 / All) 93939393939393: Only I'm mhing though
(36:25 / All) DukeOfCool: stomp lol
(36:27 / All) EdSnowden: what was youtube video of me talking to lsx- thats so fnny he said he was gonan upload it
(36:32 / All) YUNA-PWNS-RIKKU: stomp chomp
(36:37 / All) YUNA-PWNS-RIKKU: wcreplays.com
(36:43 / All) EdSnowden: ah ok